 Dungeon Crawl Stone Soup version 0.30-b1-2-g02819fbbbe (webtiles) character file.

Game seed: 14519143087893138880

268 sanka the Gusty (level 6, -14/35 HPs)
             Began as a Kobold Air Elementalist on May 7, 2023.
             Was an Initiate of Vehumet.
             Demolished by Blork the orc
             ... wielding a +0 scimitar
              (19 damage)
             ... on level 5 of the Dungeon.
             The game lasted 00:09:30 (5725 turns).

sanka the Gusty (Kobold Air Elementalist)           Turns: 5725, Time: 00:09:31

Health: -14/35     AC:  4    Str:  4 (5)  XL:     6   Next: 46%
Magic:  3/10       EV: 14    Int: 16 (18) God:    Vehumet [......]
Gold:   190        SH:  0    Dex: 13 (16) Spells: 4/11 levels left

rFire   . . .        u - +1 hand axe (drain)
rCold   . . .        (no shield)
rNeg    . . .        a - +0 robe
rPois   .            r - +0 helmet
rElec   .            (no cloak)
rCorr   .            (no gloves)
SInv    .            m - +0 pair of boots
Will    .....        (no amulet)
Stlth   +++          f - ring of wizardry
HPRegen 0.25/turn    (no ring)
MPRegen 0.12/turn

%: wizardry (x1)
@: invisible, unable to read
A: small, no large weapons, nightstalker 3, claws 1, robust 1, inability to read
after injury 1
a: Renounce Religion


You were on level 5 of the Dungeon.
You worshipped Vehumet.
Vehumet was noncommittal.
You visited 1 branch of the dungeon, and saw 5 of its levels.

You collected 190 gold pieces.

Inventory:

Hand Weapons
 n - a +0 short sword
 u - a +1 hand axe of draining (weapon)
Armour
 a - a +0 robe (worn)
 m - a +0 pair of boots (worn)
 r - a +0 helmet (worn)
Jewellery
 f - a ring of wizardry (left claw)
 h - a ring of see invisible
 j - an amulet of regeneration
Wands
 w - a wand of quicksilver (10)
Scrolls
 c - 2 scrolls of fear
 g - a scroll of torment {!r}
 i - 4 scrolls of vulnerability {!r}
 o - 3 scrolls of teleportation {@r4}
 s - a scroll of fog
 t - a scroll of acquirement {unknown}
 y - a scroll of poison {unknown}
Potions
 e - a potion of mutation {!q}
 p - a potion of berserk rage {unknown}
 q - a potion of haste {unknown}
 v - a potion of lignification {unknown}
 x - a potion of heal wounds {unknown}


   Skills:
 - Level 2.4 Dodging
 - Level 2.6 Stealth
 + Level 3.0 Spellcasting
 * Level 4.0 Conjurations
 * Level 5.0 Air Magic


You had 4 spell levels left.
You knew the following spells:

 Your Spells              Type           Power      Damage    Failure   Level
a - Shock                 Conj/Air       64%        1d7       1%          1
b - Static Discharge      Conj/Air       32%        2-4/arc   1%          2
c - Airstrike             Air            9%         2d(2-18)  10%         4

Your spell library contained the following spells:

 Spells                   Type           Power      Damage    Failure   Level
 Magic Dart               Conj           60%        1d6       1%          1
 Searing Ray              Conj           30%        2d5       2%          2
 Swiftness                Air            18%        N/A       2%          3
 Poisonous Vapours        Pois/Air       20%        N/A       4%          2
 Sting                    Tmut/Pois      8%         1d3       8%          1
 Vhi's Electric Charge    Tloc/Air       20%        N/A       9%          3
 Fulminant Prism          Conj/Hex       4%         3d5       32%         4
 Olgreb's Toxic Radiance  Pois           2%         N/A       56%         4
 Arcjolt                  Conj/Air       8%         1d18      32%         5
 Maxwell's Capacitive Co  Air            9%         ∞         100%        8


Dungeon Overview and Level Annotations

Branches:
Dungeon (5/15)             Temple (0/1) D:5

Altars:
Fedhas
Qazlal
Ru
Trog
Vehumet
Xom

Shops:
D:2 [

Annotations:
D:4 Edmund, Ijyb
D:5 Blork the orc


Innate Abilities, Weirdness & Mutations

You are small and have problems with some larger weapons.
You are completely attuned to the shadows.
You have sharp fingernails.
You are robust. (+10% HP)
You occasionally lose the ability to read scrolls when taking damage.


Message History

Confirm with . or Enter, or press ? or * to list all spells.
The phantom is struck by an arc of lightning.
The phantom is heavily damaged.
You are struck by an arc of lightning.
The phantom is struck by an arc of lightning.
The phantom is severely damaged.
The lightning grounds out.
Blork the orc gestures at you while chanting.
The magic dart hits you.
You feel threatened and lose the ability to read scrolls!
* * * LOW HITPOINT WARNING * * *
The phantom barely misses you.
Casting: Static Discharge (safe; 1% risk of failure)
Confirm with . or Enter, or press ? or * to list all spells.
Blork the orc is struck by an arc of lightning.
Blork the orc is moderately wounded.
You are struck by an arc of lightning.
* * * LOW HITPOINT WARNING * * *
The phantom is struck by an arc of lightning.
The phantom is almost destroyed.
The lightning grounds out.
Blork the orc barely misses you. The phantom barely misses you.
Unknown command.
Casting: Static Discharge (safe; 1% risk of failure)
Confirm with . or Enter, or press ? or * to list all spells.
The phantom is struck by an arc of lightning.
You destroy the phantom!
Vehumet accepts your kill.
Blork the orc is struck by an arc of lightning.
Blork the orc is heavily wounded.
You are struck by an arc of lightning.
* * * LOW HITPOINT WARNING * * *
Blork the orc is struck by an arc of lightning.
Blork the orc is severely wounded.
The lightning grounds out.
You can read scrolls again.
Blork the orc hits you with a +0 scimitar!!
You feel threatened and lose the ability to read scrolls!
Ouch! That really hurt!
You die...

#.....# #.....##
######.....#
.##...##...[.#
.##..............#
..............>..#
.....##..###....##
.....##..###..o.##
....).........@..#
###..##.......>..#
#####..##..........#
.......######...#..#
.......# #... ###
.......+ .......#
.##....# .#######


You could see Blork the orc (fast, strong, unable to see you).

Vanquished Creatures
  A phantom (D:5)
  A scorpion (D:4)
  An orc priest (D:3)
  An iguana (D:5)
  An orc wizard (D:3)
  3 adders
  3 dart slugs
  11 orcs
  6 ball pythons
  6 bats
  8 endoplasms
  2 giant cockroaches
  2 goblins
  8 hobgoblins
  8 jackals (D:2)
  6 quokkas
  5 frilled lizards
  2 kobolds
  7 rats
82 creatures vanquished.

Notes
Turn   | Place    | Note
-------+----------+-------------------------------------------
     0 | D:1      | sanka the Kobold Air Elementalist began the quest for the
                  | Orb.
     0 | D:1      | Reached XP level 1. HP: 10/10 MP: 3/3
   218 | D:1      | You fall into a shaft and drop 1 floor!
   318 | D:2      | Found Amolal's Antique Armour Shoppe.
   388 | D:2      | Found a faded altar of an unknown god.
   501 | D:2      | Reached XP level 2. HP: 15/15 MP: 0/5
   504 | D:2      | Learned a level 2 spell: Static Discharge
  1039 | D:1      | Reached XP level 3. HP: 19/19 MP: 2/6
  2718 | D:2      | Reached XP level 4. HP: 24/24 MP: 1/7
  3594 | D:3      | Reached skill level 4 in Air Magic
  4128 | D:3      | Found a blossoming altar of Fedhas.
  4134 | D:3      | Found a stormy altar of Qazlal.
  4318 | D:3      | Found a faded altar of an unknown god.
  4336 | D:3      | Found a faded altar of an unknown god.
  4336 | D:3      | Found a shimmering altar of Xom.
  4347 | D:3      | Found a sacrificial altar of Ru.
  4364 | D:3      | Found a bloodstained altar of Trog.
  4447 | D:3      | Reached XP level 5. HP: 28/28 MP: 5/8
  4705 | D:4      | Found a radiant altar of Vehumet.
  4768 | D:4      | Became a worshipper of Vehumet
  5225 | D:4      | Reached XP level 6. HP: 16/32 MP: 1/10
  5336 | D:4      | Noticed Ijyb
  5343 | D:4      | Learned a level 4 spell: Airstrike
  5352 | D:4      | Noticed Edmund
  5536 | D:5      | Entered Level 5 of the Dungeon
  5544 | D:5      | Found a staircase to the Ecumenical Temple.
  5690 | D:5      | Reached skill level 5 in Air Magic
  5706 | D:5      | Noticed Blork the orc
  5718 | D:5      | Gained mutation: You occasionally lose the ability to read
                  | scrolls when taking damage. [potion of mutation]
  5718 | D:5      | Gained mutation: You have sharp fingernails. [potion of
                  | mutation]
  5718 | D:5      | Gained mutation: You are robust. (+10% HP) [potion of
                  | mutation]
  5725 | D:5      | Demolished by Blork the orc

Illustrated notes

Levels and vault maps discovered:
D:1:      psy_arrival_conway, layout_basic
D:2:      layout_basic, basic_ecumenical_altar, serial_shops, shop
D:3:      layout_basic, grunt_temple_overflow_forces_of_nature,
          chequers_temple_overflow_minitemple
D:4:      layout_rooms, mainiacjoe_overflow_cross_hatched, uniq_ijyb,
          uniq_edmund
D:5:      layout_gridville, minmay_temple_entry_metal_lava, uniq_blork_the_orc

Skill      XL: |  1  2  3  4  5  6 |
---------------+-------------------+-----
Conjurations   | 2 3 4 |  4.0
Air Magic      | 4 5 |  5.0
Spellcasting   | 3 |  3.0
Dodging        | |  2.4
Stealth        | |  2.6

Action                     |  1- 3 |  4- 6 || total
---------------------------+-------+-------++-------
  Melee: Unarmed           |    12 |       ||    12
         Short sword       |     5 |       ||     5
         Hand axe          |       |     3 ||     3
   Cast: Shock             |    77 |   109 ||   186
         Static Discharge  |       |    13 ||    13
    Use: Scroll            |       |     5 ||     5
         Potion            |       |     5 ||     5
   Stab: Sleeping          |       |     1 ||     1
 Armour: Robe              |     9 |     6 ||    15
  Dodge: Dodged            |    40 |    33 ||    73
